 Dungeon Crawl Stone Soup version 0.30-a0-782-ge64f9170bb (webtiles) character file.

Game seed: 5997342292919884120

24465 senseless the Fighter (level 12, -23/99 HPs)
             Began as a Demonspawn Fighter on Mar 14, 2023.
             Was a High Priest of Qazlal.
             Annihilated by an orc knight
             ... wielding a +0 battleaxe
              (27 damage)
             ... on level 2 of the Orcish Mines.
             The game lasted 00:40:27 (13582 turns).

senseless the Fighter (Demonspawn Fighter)         Turns: 13582, Time: 00:40:27

Health: -23/99     AC: 30    Str: 22    XL:     12   Next: 80%
Magic:  12/12      EV: 11    Int: 10    God:    Qazlal [*****.]
Gold:   994        SH: 16    Dex: 12    Spells: 11/11 levels left

rFire   . . .      SeeInvis .    P - +6 morningstar (heavy)
rCold   . . .      Faith    .    c - +2 buckler
rNeg    . . .      Spirit   .    Q - +0 plate armour
rPois   .          Reflect  .    b - +2 hat {Will+}
rElec   .          Harm     .    M - +2 cloak
rCorr   .          Rampage  .    t - +0 pair of gloves
Will    +....                    (no boots) Stlth
                                 (no amulet)
HPRegen 0.36/turn                i - +5 ring of evasion
MPRegen 0.13/turn                r - +4 ring of protection

@: about to teleport, protected from physical damage, studying Shields, repel
missiles
A: demonic guardian 1, sharp scales 2, demonic touch 2, hooves 1, horns 1, wild
magic 1
a: Renounce Religion, Upheaval, Elemental Force, Disaster Area


You were on level 2 of the Orcish Mines.
You worshipped Qazlal.
Qazlal was extremely pleased with you.
You visited 2 branches of the dungeon, and saw 14 of its levels.
You also visited: Ossuary.

You collected 1132 gold pieces.
You spent 138 gold pieces at shops.

Inventory:

Hand Weapons
 d - a +8 heavy scythe
 H - a +4 demon trident
 P - a +6 heavy morningstar (weapon)
Missiles
 j - 26 poisoned darts (quivered)
 o - 12 boomerangs
 D - 8 boomerangs of dispersal
 I - 4 javelins
Armour
 b - a +2 hat of willpower (worn)
 c - a +2 buckler (worn)
 q - a +4 ring mail
 t - a +0 pair of gloves (worn)
 u - the +4 ring mail "Jipsor" {rPois rN+ Regen+ Int-2}
   (You found it on level 10 of the Dungeon)

   Int:       It affects your intelligence (-2).
   rPois:     It protects you from poison.
   rN:        It protects you from negative energy.
   Regen:     It increases your rate of health regeneration.
 v - a +0 pair of boots
 M - a +2 cloak (worn)
 Q - a +0 plate armour (worn)
Jewellery
 f - an amulet of the acrobat
 i - a +5 ring of evasion (left hand)
 l - a ring of flight
 r - a +4 ring of protection (right hand)
 B - a ring of ice
 K - a ring of protection from cold
Wands
 e - a wand of charming (1)
 g - a wand of light (7)
 N - a wand of roots (13)
Scrolls
 a - a scroll of silence
 h - 2 scrolls of blinking
 x - a scroll of fear
 y - 4 scrolls of teleportation
 C - 3 scrolls of magic mapping
 E - 3 scrolls of fog
 L - a scroll of amnesia
Potions
 k - 4 potions of haste
 m - 3 potions of berserk rage
 n - 15 potions of curing
 p - 5 potions of mutation
 s - 3 potions of invisibility
 w - 5 potions of heal wounds
 z - 2 potions of resistance
 A - 2 potions of flight
 F - 4 potions of attraction
 G - 3 potions of lignification
 O - a potion of might


   Skills:
 + Level 10.9 Fighting
 * Level 8.3 Maces & Flails
 - Level 10.5 Polearms
 + Level 10.0 Armour
 + Level 10.6 Shields


You had 11 spell levels left.
You didn't know any spells.
Your spell library contained the following spells:

 Spells                   Type           Power      Damage    Failure   Level
 Beastly Appendage        Tmut           0%         N/A       100%        1
 Kiss of Death            Conj/Necr      0%         2d5       100%        1
 Cigotuvi's Dreadful Rot  Necr/Pois/Air  0%         N/A       100%        2
 Lesser Beckoning         Tloc           0%         N/A       100%        2
 Poisonous Vapours        Pois/Air       0%         N/A       100%        2
 Wereblood                Tmut           0%         N/A       100%        2
 Confusing Touch          Hex            0%         N/A       100%        3
 Gell's Gravitas          Tloc           0%         N/A       100%        3
 Mephitic Cloud           Conj/Pois/Air  0%         N/A       100%        3
 Spider Form              Tmut/Pois      0%         N/A       100%        3
 Teleport Other           Tloc           0%         N/A       100%        3
 Dispel Undead            Necr           0%         3d6       100%        4
 Dispersal                Tloc           0%         N/A       100%        6


Dungeon Overview and Level Annotations

Branches:
Dungeon (12/15)            Temple (0/1) D:5            Lair (0/5) D:10
    Orc (2/2) D:12        Ossuary (visited)
    Elf: Orc:2

Altars:
Cheibriados
Gozag
Qazlal
Wu Jian
Xom
Yredelemnul

Shops:
D:11 =   Orc:2 ?

Portals:
Trove: D:11 (give 5 scrolls of fog)


Innate Abilities, Weirdness & Mutations

A weak demonic guardian rushes to your aid.
You are mostly covered in razor-sharp scales. (AC +2, Slay +2)
Your touch may inflict irresistible damage on your foes.
You have large cloven feet.
You have a pair of small horns on your head.
Your spells are a little harder to cast, but a little more powerful.


Message History

You are too injured to fight recklessly!
You are too injured to fight recklessly!
You are too injured to fight recklessly!
You are too injured to fight recklessly!
You are too injured to fight recklessly!
You are too injured to fight recklessly!
You are too injured to fight recklessly!
You are too injured to fight recklessly!
As you read the scroll of teleportation, it crumbles to dust.
You feel strangely unstable.
Your ufetubus closely misses the orc knight.
Your ufetubus hits the orc knight but does no damage.
The orc knight unwields a +0 halberd.
The orc knight wields a +0 arbalest.
The orc knight shoots a bolt.
The bolt closely misses you.
The bolt hits the orc warrior!
An orc warrior comes into view. It is wielding a +0 glaive.
The orc knight is engulfed in blazing flames.
You block the orc warrior's attack.
The orc is engulfed in freezing vapours.
You kill the orc!
Qazlal accepts your kill.
You hear a shout!
Your ufetubus hits the orc knight but does no damage.
Your ufetubus barely misses the orc knight.
The orc knight roars a battlecry!
An orc priest comes into view. It is wielding a +0 dagger.
The orc knight is engulfed in blazing flames.
Your ufetubus barely misses the orc knight.
Your ufetubus closely misses the orc knight.
The orc knight attacks as you move away!
You block the orc knight's attack.
The orc knight hits your ufetubus with a +0 battleaxe!!
Your ufetubus dies!
Your ufetubus disappears in a puff of smoke!
You hear a shout!
The orc warrior hits you with a +0 hand axe!
* * * LOW HITPOINT WARNING * * *
The orc knight attacks as you move away!
The orc knight hits you with a +0 battleaxe!!
You die...

......)...#..#..............
.............#......).......
.............#######...#####
.............# ##.......#
.............# #..#...#..#
...........)## ##.........#
.............# #..☼#...#...#
.............###..°........#
.............##.@o§#...#....
.............##.ooo)°.......
#.....#......##○.o)#o..#....
#............##.oo.oo.......
#.........#..##.°o)#...#...
.∩........##.###...oo.....
.........##..# #...#o..#..
.....#...#...# ##.........
......#......# #..# ..#..


You could see 4 orc knights, an orc high priest (strong), 6 orc warriors and 3
orc priests.

Vanquished Creatures
  Gastronok (D:9)
  Fannar (D:12)
  3 two-headed ogres
  Erica (D:8)
  An orc high priest (Orc:2)
  Urug (Orc:2)
  Amaemon (D:11)
  Pikel (D:5)
  A deep elf pyromancer (D:12)
  A manticore (D:11)
  2 cyclopes
  2 orc knights
  An ugly thing (D:12)
  An orange demon (D:11)
  An unseen horror (D:12)
  A komodo dragon (D:10)
  2 polar bears (D:8)
  2 trolls
  Sigmund (D:2)
  7 slime creatures (D:12)
  2 wyverns
  3 shadows
  2 wraiths
  A vampire (D:9)
  20 yaks
  8 vampire mosquitoes
  2 steam dragons (D:8)
  An acid dragon (D:9)
  2 water moccasins
  17 orc warriors
  A swamp drake (D:12)
  A sky beast (D:6)
  A black bear (D:5)
  3 ice beasts
  5 ogres
  A lemure (D:5)
  A phantom (D:6)
  4 centaurs
  An elf zombie (Ossuary)
  2 kobold brigands
  2 bullfrogs
  2 necrophages
  A scorpion (D:6)
  A gnoll sergeant (D:12)
  13 wights
  6 killer bees (D:9)
  11 electric eels
  7 howler monkeys
  A human zombie (Ossuary)
  2 hounds
  24 orc priests
  3 iguanas
  14 orc wizards
  4 mummies
  Robin (D:2)
  8 gnolls
  11 adders
  A shadow imp (D:7)
  3 white imps
  A howler monkey simulacrum (D:8)
  4 ufetubi
  3 worms
  A dart slug (D:2)
  75 orcs
  6 endoplasms
  A giant cockroach (D:4)
  16 goblins
  9 hobgoblins
  4 jackals
  7 quokkas
  8 ball pythons
  3 bats
  A frilled lizard (D:3)
  3 goblin zombies (Ossuary)
  A hobgoblin zombie (Ossuary)
  11 kobolds
  4 kobold zombies (Ossuary)
  An orc zombie (Ossuary)
  3 quokka zombies (Ossuary)
  2 rats (D:2)
  4 rat zombies (Ossuary)
393 creatures vanquished.

Vanquished Creatures (collateral kills)
  An electric eel (D:11)
  4 orcs
5 creatures vanquished.

Vanquished Creatures (others)
  An orc priest (Orc:2)
  3 plants (D:10)
4 creatures vanquished.

Grand Total: 402 creatures vanquished

Notes
Turn   | Place    | Note
-------+----------+-------------------------------------------
     0 | D:1      | senseless the Demonspawn Fighter began the quest for the
                  | Orb.
     0 | D:1      | Reached XP level 1. HP: 18/18 MP: 1/1
   192 | D:1      | Gained mutation: You are partially covered in razor-sharp
                  | scales. (AC +1, Slay +1) [demonic ancestry]
   192 | D:1      | Reached XP level 2. HP: 18/24 MP: 2/2
   895 | D:1      | Identified a scroll of acquirement
   895 | D:1      | Acquired a manual of Shields
  1037 | D:2      | Noticed Robin
  1053 | D:2      | Reached XP level 3. HP: 29/29 MP: 3/3
  1262 | D:2      | Killed Robin
  1263 | D:2      | Reached XP level 4. HP: 31/35 MP: 4/4
  1539 | D:2      | Noticed Sigmund
  1557 | D:2      | Killed Sigmund
  1558 | D:2      | Gained mutation: You are mostly covered in razor-sharp
                  | scales. (AC +2, Slay +2) [demonic ancestry]
  1558 | D:2      | Reached XP level 5. HP: 3/42 MP: 5/5
  1832 | D:2      | Gained mutation: Your touch may inflict minor irresistible
                  | damage on your foes. [demonic ancestry]
  1832 | D:2      | Reached XP level 6. HP: 48/48 MP: 6/6
  2020 | D:2      | You fall into a shaft and drop 1 floor!
  2021 | D:3      | Found a faded altar of an unknown god.
  2976 | D:3      | Reached skill level 1 in Polearms
  3255 | D:4      | Found a stormy altar of Qazlal.
  3255 | D:4      | Found a shimmering altar of Xom.
  3282 | D:4      | Reached skill level 5 in Shields
  3297 | D:4      | Became a worshipper of Qazlal Stormbringer
  3690 | D:4      | Gained mutation: A weak demonic guardian rushes to your
                  | aid. [demonic ancestry]
  3690 | D:4      | Reached XP level 7. HP: 55/55 MP: 7/7
  3959 | D:5      | Entered Level 5 of the Dungeon
  4051 | D:5      | Reached skill level 5 in Fighting
  4091 | D:5      | Noticed Pikel
  4099 | D:5      | Killed Pikel
  4099 | D:5      | Reached * piety under Qazlal
  4100 | D:5      | Reached skill level 5 in Armour
  4100 | D:5      | Reached XP level 8. HP: 12/63 MP: 8/8
  4237 | D:5      | Found a basalt altar of Yredelemnul.
  4276 | D:5      | Found a sand-covered staircase.
  4285 | Ossuary  | Entered an ossuary
  4469 | D:5      | Reached ** piety under Qazlal
  4470 | D:5      | Found a staircase to the Ecumenical Temple.
  4478 | D:5      | Reached skill level 5 in Polearms
  4952 | D:6      | Reached XP level 9. HP: 63/69 MP: 9/9
  5322 | D:7      | Gained mutation: You have a pair of small horns on your
                  | head. [potion of mutation]
  5322 | D:7      | Gained mutation: You have large cloven feet. [potion of
                  | mutation]
  5322 | D:7      | Gained mutation: Your spells are a little harder to cast,
                  | but a little more powerful. [potion of mutation]
  5785 | D:7      | Reached *** piety under Qazlal
  5891 | D:7      | Found an opulent altar of Gozag.
  6109 | D:8      | Noticed a polar bear
  6114 | D:8      | Killed a polar bear
  6308 | D:8      | Gained mutation: Your touch may inflict irresistible damage
                  | on your foes. [demonic ancestry]
  6308 | D:8      | Reached XP level 10. HP: 58/79 MP: 10/10
  6431 | D:8      | Noticed Erica
  6444 | D:8      | Killed Erica
  7332 | D:9      | Noticed Gastronok
  7341 | D:9      | Killed Gastronok
  7446 | D:9      | Found a snail-covered altar of Cheibriados.
  7533 | D:9      | Noticed a two-headed ogre
  7541 | D:9      | Killed a two-headed ogre
  7697 | D:9      | Noticed a cyclops
  7700 | D:9      | Reached skill level 10 in Polearms
  7700 | D:9      | Reached XP level 11. HP: 41/87 MP: 8/11
  7835 | D:9      | Reached **** piety under Qazlal
  8447 | D:9      | Found an ornate altar of the Wu Jian Council.
  8662 | D:10     | Entered Level 10 of the Dungeon
  8986 | D:10     | Found a staircase to the Lair.
  9043 | D:10     | Identified the +4 ring mail "Jipsor" {rPois rN+ Regen+
                  | Int-2}
  9168 | D:10     | Noticed a two-headed ogre
  9172 | D:10     | Killed a two-headed ogre
  9579 | D:11     | Noticed a two-headed ogre
  9755 | D:10     | Killed a two-headed ogre
  9848 | D:11     | Reached ***** piety under Qazlal
  9849 | D:11     | Reached skill level 5 in Maces & Flails
  9905 | D:11     | Found a portal to a secret trove of treasure.
 10364 | D:11     | Found Agoastrapp's Jewellery Emporium.
 10402 | D:11     | Noticed Amaemon
 10408 | D:11     | Killed Amaemon
 10409 | D:11     | Reached skill level 10 in Fighting
 10409 | D:11     | Reached XP level 12. HP: 48/97 MP: 12/12
 11702 | D:12     | Found a staircase to the Orcish Mines.
 11779 | D:12     | Noticed Fannar
 11787 | D:12     | Killed Fannar
 12096 | Orc:1    | Entered Level 1 of the Orcish Mines
 12109 | Orc:1    | Reached skill level 10 in Shields
 12270 | Orc:2    | Entered Level 2 of the Orcish Mines
 12343 | Orc:2    | Noticed Urug
 13399 | Orc:2    | Killed Urug
 13467 | Orc:2    | Found Ipi Veuh's Magic Scroll Boutique.
 13477 | Orc:2    | Bought a scroll of enchant armour for 90 gold pieces
 13477 | Orc:2    | Bought a scroll of identify for 24 gold pieces
 13478 | Orc:2    | Bought a scroll of identify for 24 gold pieces
 13562 | Orc:2    | Noticed an orc high priest
 13570 | Orc:2    | Killed an orc high priest
 13571 | Orc:2    | Reached skill level 10 in Armour
 13573 | Orc:2    | Noticed an orc high priest
 13581 | Orc:2    | HP: 4/99 [orc warrior/+0 hand axe (14)]
 13582 | Orc:2    | Annihilated by an orc knight

Illustrated notes

Levels and vault maps discovered:
D:1:      dpeg_arrival_connections, layout_basic
D:2:      layout_basic, uniq_sigmund, uniq_robin
D:3:      layout_rooms, chequers_ecumenical_altar_simple
D:4:      layout_cave_pools, nicolae_overflow_two_pavilions
D:5:      layout_cave_pools, mainiacjoe_overflow_alcove_4,
          minmay_temple_entry_grid, lightli_ossuary_entry_decrepit_ruins,
          uniq_pikel
D:6:      layout_rooms, elyvilon_altar_1
D:7:      layout_loops_cross, nicolae_gozag_cash_rules_everything_around_me,
          minmay_misc_feat_x
D:8:      layout_gridville, serial_ice, serial_ice_c, serial_ice_j,
          serial_ice_g, serial_ice_o, serial_ice_m, serial_ice_f, uniq_erica
D:9:      nicolae_cairo_tiling_large_dashed, layout_basic, slow_altar_1,
          nzn_wu_jian_contemplation, feat_on_display, uniq_gastronok
D:10:     layout_irregular_city, david_lair_shrubbed, minmay_orc_keep
D:11:     layout_basic, enter_trove_1, serial_shops, nicolae_shop_statue_plus,
          uniq_amaemon
D:12:     layout_stronghold, erik_orc_1, uniq_fannar
Orc:1:    layout_caves
Orc:2:    st_orc_pillars, layout_caves, serial_shops, shop, shop, uniq_urug,
          uniq_jorgrun

Skill      XL: |  1  2  3  4  5  6  7  8  9 10 11 12 |
---------------+-------------------------------------+-----
Maces & Flails | 2 3 6 8 |  8.3
Armour         | 3 4 5 6 8 9 10 | 10.0
Shields        | 3 4 5 6 7 8 10 | 10.6
Fighting       | 4 5 6 7 8 10 | 10.9
Polearms       | 2 4 5 7 10 | 10.5

Action                     |  1- 3 |  4- 6 |  7- 9 | 10-12 || total
---------------------------+-------+-------+-------+-------++-------
  Melee: Flail             |   108 |    34 |       |       ||   142
         Halberd           |       |    90 |   194 |   116 ||   400
         Headbutt          |       |       |    10 |    54 ||    64
         Kick              |       |       |     9 |   108 ||   117
         Morningstar       |       |       |       |   278 ||   278
 Invoke: Upheaval          |       |       |       |     1 ||     1
    Use: Scroll            |     7 |     7 |     7 |    16 ||    37
         Potion            |       |     1 |     1 |     2 ||     4
   Stab: Confused          |       |       |       |     1 ||     1
 Armour: Scale mail        |    49 |       |       |       ||    49
         Chain mail        |       |    82 |       |       ||    82
         Ring mail         |       |     2 |   149 |    24 ||   175
         Plate armour      |       |       |       |   319 ||   319
  Dodge: Dodged            |    46 |    62 |   128 |   214 ||   450
         Repelled          |       |       |       |     4 ||     4
  Block: Buckler           |    24 |    13 |       |   311 ||   348
         Other             |       |       |    22 |    31 ||    53

Table legend: (Time is in decaauts)
 A = Elapsed time spent in this place.
 B = Non-inter-level travel time spent in this place.
 C = Inter-level travel time spent in this place.
 D = Time resting spent in this place.
 E = Time spent auto-exploring this place.
 F = Levels seen in this place.
 G = Mean time per level.
                   A        B        C        D        E       F      G
               +--------+--------+--------+--------+--------+-----+--------+
         Total |  14217 |  13586 |    631 |   1877 |   8967 |  15 |  947.8 |
       Dungeon |  12483 |  11868 |    615 |    927 |   8555 |  12 | 1040.2 |
  Orcish Mines |   1547 |   1531 |     16 |    950 |    337 |   2 |  773.5 |
       Ossuary |    186 |    186 |      0 |      0 |     75 |   1 |  186.0 |
               +--------+--------+--------+--------+--------+-----+--------+

Top non-repeatable levels by time:
     D:9: 1395 daAuts
     D:2: 1364 daAuts
     D:8: 1345 daAuts
    D:12: 1278 daAuts
     D:1: 1253 daAuts
    D:10: 1225 daAuts
   Orc:1: 1201 daAuts
    D:11: 1097 daAuts
     D:3: 909 daAuts
     D:7: 803 daAuts
     D:5: 757 daAuts
     D:4: 599 daAuts
     D:6: 454 daAuts
   Orc:2: 345 daAuts
 Ossuary: 186 daAuts
